 Dungeon Crawl Stone Soup version 0.18-a0-1396-g8753ca6 (webtiles) character file.

346 Dirian the Shield-Bearer (level 6, -3/55 HPs)
             Began as a Minotaur Fighter on Feb 23, 2016.
             Was a Follower of Makhleb.
             Slain by a crocodile (16 damage)
             ... in a sewer.
             The game lasted 00:07:25 (2349 turns).

Dirian the Shield-Bearer (Minotaur Fighter)         Turns: 2349, Time: 00:07:25

Health: -3/55      AC:  7    Str: 22    XL:     6   Next: 32%
Magic:  5/5        EV: 13    Int:  5    God:    Makhleb [*.....]
Gold:   115        SH: 11    Dex: 17    Spells: 0 memorised, 5 levels left

rFire  . . .     SeeInvis .     a - +0 war axe
rCold  . . .     Gourm    .     b - +0 scale mail
rNeg   . . .     Faith    .     c - +0 shield
rPois  .         Spirit   .     (helmet restricted)
rElec  .         Dismiss  .     (no cloak)
rCorr  .         Reflect  .     (no gloves)
SustAt +         Harm     .     (no boots)
MR     .....                    (no amulet)
Stlth  ++........               (no ring)
                                k - ring of sustain attributes (curse)

@: agile, not resistant to hostile enchantments, unstealthy
A: retaliatory headbutt, horns 2, thin skeletal structure 1, blurry vision 1,
MP-powered wands
a: Renounce Religion


You were in a sewer.
You worshipped Makhleb.
Makhleb was aware of your devotion.
You were not hungry.

You visited 1 branch of the dungeon, and saw 4 of its levels.
You also visited: Sewer.

You collected 115 gold pieces.

Inventory:

Hand Weapons
 a - a +0 war axe (weapon)
Armour
 b - a +0 scale mail (worn)
 c - a +0 shield (worn)
Jewellery
 k - a cursed ring of sustain attributes (left hand)
Scrolls
 e - a scroll of identify
 h - 2 scrolls of teleportation
Potions
 g - a potion of agility
Comestibles
 d - a chunk of flesh
 f - 4 bread rations
 m - a beef jerky


   Skills:
 + Level 4.8 Fighting
 * Level 5.1 Axes
 + Level 4.7 Armour
 + Level 5.7 Shields


You had 5 spell levels left.
You didn't know any spells.

Dungeon Overview and Level Annotations

Branches:
Dungeon (4/15)
 Temple: D:4-7

Altars:
Gozag
Makhleb
Nemelex Xobeh


Innate Abilities, Weirdness & Mutations

You reflexively headbutt those who attack you in melee.
You have a pair of horns on your head.
You have a somewhat thin skeletal structure (Dex +2, Stealth).
Scrolls take you a little longer to read.
You expend magic power (3 MP) to strengthen your wands.


Message History

You hit the crocodile.
The crocodile is moderately wounded.
You block the crocodile's attack.
You closely miss the crocodile.
The crocodile is moderately wounded.
The crocodile barely misses you. You furiously retaliate!
You headbutt the crocodile. The crocodile bites you!
* * * LOW HITPOINT WARNING * * *
You closely miss the crocodile.
The crocodile is moderately wounded.
The crocodile barely misses you.
Read which item? (? for menu, Esc to quit)
Okay, then.
You aren't carrying any items that can be evoked.
Unknown command.
Okay, then.
Drink which item? (? for menu, Esc to quit)
You feel agile all of a sudden. The crocodile bites you!
You die...

#..#
##≈.# #..
#..# #
#..# #.
##≈.# #..
#...# #..
##..##
#...#≈..#
#...≈.##
#.≈≈≈@#
##.≈t##
#..≈
(≈#.#
#)?#. ##
##


You could see a crocodile.

Vanquished Creatures
  A phantom (D:3)
  Jessica (D:3)
  An iguana (D:4)
  Natasha (thrice) (D:2)
  2 adders
  3 oozes
  3 worms
  4 dart slugs
  2 ball pythons (D:1)
  6 giant cockroaches
  6 hobgoblins
  11 jackals
  2 quokkas (D:2)
  9 bats
  A giant gecko skeleton (D:3)
  6 giant newts
  14 goblins
  11 kobolds
  11 rats
97 creatures vanquished.

Notes
Turn   | Place    | Note
--------------------------------------------------------------
     0 | D:1      | Dirian the Minotaur Fighter began the quest for the Orb.
     0 | D:1      | Reached XP level 1. HP: 19/19 MP: 0/0
    84 | D:1      | Reached XP level 2. HP: 22/27 MP: 1/1
   280 | D:1      | Reached XP level 3. HP: 33/33 MP: 2/2
   749 | D:2      | Noticed Natasha
   756 | D:2      | Killed Natasha
   756 | D:2      | Reached XP level 4. HP: 29/40 MP: 3/3
   797 | D:2      | Found an opulent altar of Gozag.
   797 | D:2      | Found a sparkling altar of Nemelex Xobeh.
   936 | D:2      | Noticed Natasha
   957 | D:2      | Killed Natasha
   969 | D:2      | Noticed Natasha
   979 | D:2      | Killed Natasha
   979 | D:2      | Reached skill level 5 in Shields
   979 | D:2      | Reached XP level 5. HP: 10/47 MP: 4/4
  1513 | D:3      | Found a burning altar of Makhleb.
  1518 | D:3      | Became a worshipper of Makhleb the Destroyer
  1576 | D:3      | Noticed a phantom
  1601 | D:3      | Killed a phantom
  1617 | D:3      | Noticed Jessica
  1624 | D:3      | Killed Jessica
  1624 | D:3      | Reached XP level 6. HP: 36/55 MP: 5/5
  1926 | D:3      | Reached * piety under Makhleb
  2240 | D:4      | Reached skill level 5 in Axes
  2250 | D:4      | Found a glowing drain.
  2273 | Sewer    | Entered a sewer
  2344 | Sewer    | Gained mutation: Scrolls take you a little longer to read. [potion of mutation]
  2344 | Sewer    | Gained mutation: You expend magic power (3 MP) to strengthen your wands. [potion of mutation]
  2344 | Sewer    | Gained mutation: You have a somewhat thin skeletal structure (Dex +2, Stealth). [potion of mutation]
  2349 | Sewer    | Slain by a crocodile

Vault maps used:
D:1:      onia_arrival_handbag
D:2:      grunt_temple_overflow_opulence, first_bread, uniq_natasha
D:3:      lightli_temple_of_fire, uniq_jessica
D:4:      portal_sewer_entry_b, uniq_sigmund
Sewer:    sewer_the_crocodile

Skill      XL: |  1  2  3  4  5  6 |
---------------+-------------------+-----
Fighting       | 4 |  4.8
Armour         | 4 |  4.7
Shields        | 4 5 |  5.7
Axes           | 3 4 5 |  5.1

Action                   |  1- 3 |  4- 6 || total
-------------------------+-------+-------++-------
Melee: War axe           |   105 |   157 ||   262
  Use: Scroll            |     4 |     1 ||     5
       Potion            |       |     8 ||     8
  Eat: Chunk             |       |     4 ||     4
       Royal jelly       |       |     1 ||     1
